 Dungeon Crawl Stone Soup version 0.21.1-1-g345015fe64 (webtiles) character file.

23743 Neles the Fighter (level 13, -1/115 HPs)
             Began as a Ghoul Monk on Apr 2, 2018.
             Was a Follower of Uskayaw.
             Slain by elbjorno's ghost (6 damage)
             ... on level 4 of the Lair of Beasts.
             The game lasted 01:16:30 (14393 turns).

Neles the Fighter (Ghoul Monk)                     Turns: 14393, Time: 01:16:31

Health: -1/115     AC: 20    Str: 27    XL:     13   Next: 8%
Magic:  14/14      EV:  2    Int:  5    God:    Uskayaw [*.....]
Gold:   754        SH:  0    Dex: 17    Spells: 9/12 levels left

rFire    . . .     SeeInvis .   y - +2 quick blade of the Little People {pierce, +Blink rPois rN++ Stlth-}
rCold    + . .     Gourm    .   Q - +11 large shield of Uwaosasu {Dex+3}
rNeg     + + +     Faith    .   h - +3 plate armour
rPois    ∞         Spirit   .   (no helmet)
rElec    .         Reflect  .   g - +0 cloak
rCorr    .         Harm     .   u - +0 pair of gloves
MR       .....                  (no boots)
Stlth    ..........             j - amulet of regeneration
HPRegen  0.00/turn              M - +2 ring of dexterity
MPRegen  0.14/turn              V - +3 ring of strength

@: mighty, petrified, rotting, studying 2 skills
A: rotting body, claws 1, carnivore, cold resistance 1, negative energy
resistance 3, inhibited regeneration, torment resistance, unbreathing
a: Stomp, Renounce Religion, Evoke Blink


You were on level 4 of the Lair of Beasts.
You worshipped Uskayaw.
Uskayaw was noncommittal.
You were not hungry.

You visited 3 branches of the dungeon, and saw 16 of its levels.
You also visited: Sewer.

You collected 1039 gold pieces.
You spent 285 gold pieces at shops.

Inventory:

Hand Weapons
 y - the +2 quick blade of the Little People (weapon) {pierce, +Blink rPois rN++ Stlth-}
   (You acquired it on level 6 of the Dungeon)

   It inflicts extra damage upon your enemies.
   It protects you from poison.
   It greatly protects you from negative energy.
   It lets you blink.
   It makes you less stealthy.
 F - the +8 trident of Seento {elec, rPois rN+ MR+ Dex+3}
   (You found it on level 8 of the Dungeon)

   Occasionally, upon striking a foe, it will discharge some electrical energy
   and cause terrible harm.
   It affects your dexterity (+3).
   It protects you from poison.
   It protects you from negative energy.
   It affects your resistance to hostile enchantments.
Armour
 f - a +0 shield
 g - a +0 cloak (worn)
 h - a +3 plate armour (worn)
 u - a +0 pair of gloves (worn)
 L - a +0 troll leather armour
 Q - the +11 large shield of Uwaosasu (worn) {Dex+3}
   (You acquired it on level 3 of the Lair of Beasts)

   It affects your dexterity (+3).
Magical Staves
 n - an uncursed staff of death
 v - an uncursed staff of power {unknown}
 N - an uncursed staff of power {unknown}
Jewellery
 j - an amulet of regeneration (around neck)
 q - an uncursed ring of wizardry
 t - an uncursed ring of protection from fire
 M - a +2 ring of dexterity (left hand)
 V - a +3 ring of strength (right hand)
Wands
 s - a wand of acid (6)
 I - a wand of random effects (37)
 U - a wand of enslavement (7)
Scrolls
 c - 2 scrolls of amnesia
 e - a scroll of brand weapon
 i - 11 scrolls of teleportation
 k - 3 scrolls of fear
 m - 4 scrolls of remove curse
 p - 3 scrolls of magic mapping
 E - a scroll of vulnerability
 O - a scroll of immolation
 S - a scroll of enchant armour
Potions
 d - a potion of mutation
 o - a potion of might
 w - a potion of resistance
 x - 3 potions of ambrosia
 z - 2 potions of berserk rage {unknown}
 A - a potion of cancellation
 B - 2 potions of flight {unknown}
 C - 2 potions of magic
 D - a potion of invisibility
Books
 a - a manual of Earth Magic
 G - a manual of Summonings
 H - a Young Poisoner's Handbook

   Spells                             Type                      Level
   a - Sting                          Conjuration/Poison           1
   b - Poisonous Vapours              Poison/Air                   2
   c - Mephitic Cloud                 Conjuration/Poison/Air       3
   d - Olgreb's Toxic Radiance        Poison                       4
   e - Venom Bolt                     Conjuration/Poison           5
 J - a book of Minor Magic

   Spells                             Type                      Level
   a - Magic Dart                     Conjuration                  1
   b - Blink                          Translocation                2
   c - Call Imp                       Summoning                    2
   d - Slow                           Hexes                        2
   e - Conjure Flame                  Conjuration/Fire             3
   f - Mephitic Cloud                 Conjuration/Poison/Air       3
 K - a book of Battle

   Spells                             Type                      Level
   a - Infusion                       Charms                       1
   b - Shroud of Golubria             Charms/Translocation         2
   c - Song of Slaying                Charms                       2
   d - Spectral Weapon                Hexes/Charms                 3
   e - Regeneration                   Charms/Necromancy            3
 P - a book of Battle

   Spells                             Type                      Level
   a - Infusion                       Charms                       1
   b - Shroud of Golubria             Charms/Translocation         2
   c - Song of Slaying                Charms                       2
   d - Spectral Weapon                Hexes/Charms                 3
   e - Regeneration                   Charms/Necromancy            3
 T - a book of Necromancy

   Spells                             Type                      Level
   a - Pain                           Necromancy                   1
   b - Animate Skeleton               Necromancy                   1
   c - Vampiric Draining              Necromancy                   3
   d - Regeneration                   Charms/Necromancy            3
   e - Animate Dead                   Necromancy                   4
   f - Borgnjor's Vile Clutch         Necromancy/Earth             5
Comestibles
 b - 25 rations


   Skills:
 + Level 10.8 Fighting
 - Level 8.2 Short Blades
 + Level 10.5 Armour
 + Level 4.0 Dodging
 + Level 8.4 Stealth
 + Level 8.9 Shields
 + Level 4.0 Unarmed Combat
 * Level 3.8 Invocations
 + Level 1.4 Evocations


You had 9 spell levels left.
You knew the following spells:

 Your Spells              Type           Power        Failure   Level  Hunger
a - Regeneration          Chrm/Necr      #.........   100%        3    ####...


Dungeon Overview and Level Annotations

Branches:
Dungeon (11/15)            Temple (1/1) D:7            Lair (4/6) D:11
    Orc (0/2) D:9
  Swamp: Lair:2-4    Shoals: Lair:2-4     Snake: Lair:2-4    Spider: Lair:2-4

Altars:
Ashenzari
Cheibriados
Dithmenos
Elyvilon
Fedhas
Gozag
Hepliaklqana
Kikubaaqudgha
Makhleb
Nemelex Xobeh
Okawaru
Qazlal
Ru
Sif Muna
Trog
Uskayaw
Vehumet
Wu Jian
Xom
Yredelemnul
Zin
The Shining One

Shops:
D:6 *[   D:9 [   D:11 (

Annotations:
Lair:4 elbjorno's ghost, journeyman MiFi


Innate Abilities, Weirdness & Mutations

Your body is rotting away.
You thrive on raw meat.
You are immune to poison.
You have sharp fingernails.
You are carnivorous and can eat meat at any time.
Your flesh is cold resistant. (rC+)
You are immune to negative energy. (rN+++)
You do not regenerate when monsters are visible.
You are immune to unholy pain and torment.
You can survive without breathing.


Message History

* * * LOW HITPOINT WARNING * * *
Elbjorno's ghost hits you.
* * * LOW HITPOINT WARNING * * *
Elbjorno's ghost burns you.
You are engulfed in calcifying dust.
The catoblepas gores you.
* * * LOW HITPOINT WARNING * * *
Elbjorno's ghost hits you but does no damage.
You are engulfed in calcifying dust.
The catoblepas breathes a plume of calcifying dust at you.
The blast of calcifying dust hits you! Elbjorno's ghost hits you!
* * * LOW HITPOINT WARNING * * *
Elbjorno's ghost burns you.
* * * LOW HITPOINT WARNING * * *
The catoblepas gores you. Elbjorno's ghost hits you.
* * * LOW HITPOINT WARNING * * *
Elbjorno's ghost burns you. The catoblepas barely misses you.
Elbjorno's ghost barely misses you.
The catoblepas gores you but does no damage.
Elbjorno's ghost hits you!
You die...

.≈≈≈.... .≈≈≈
#.......# ... .
#....... ..# ..
#...>..##.##
##.#.....#....####.
...................
...........<.......
..........†........
...§§§.@Y..........
........W........).
...................
...#......###.###..
.#........# .# .
.##......# .# .
#........ ..
#.........
..........


You could see a catoblepas and elbjorno's ghost.

Vanquished Creatures
  2 hydras
  7 two-headed ogres
  An unseen horror (D:11)
  A black mamba (Lair:3)
  A centaur zombie (D:11)
  6 spiny frogs
  3 komodo dragons
  The ghost of error the Sneak, a novice OpVM (D:5)
  2 trolls
  Grinder (D:5)
  7 hippogriffs
  A wyvern (D:11)
  19 yaks
  Duvessa (D:7)
  3 wargs (D:11)
  4 water moccasins
  7 porcupines
  4 orc warriors
  2 black bears
  A necrophage (D:8)
  2 ice beasts
  9 ogres
  5 phantoms
  2 centaurs
  5 wolves (Lair:3)
  8 crocodiles
  A big kobold (D:10)
  Blork the orc (D:6)
  18 bullfrogs
  A wyvern zombie (D:11)
  Dowan (D:7)
  A wyvern skeleton (D:11)
  A scorpion (D:7)
  8 wights
  3 howler monkeys (D:9)
  3 crimson imps
  2 quasits
  3 bullfrog skeletons
  6 jellies
  A gnoll shaman (D:7)
  12 orc priests
  3 centaur skeletons
  2 hounds
  3 iguanas
  8 orc wizards
  Terence (D:2)
  Natasha (twice) (D:2)
  7 hell rats (Lair:1)
  13 worker ants
  A hound zombie (D:5)
  A hound skeleton (D:6)
  11 adders
  13 gnolls
  A howler monkey skeleton (D:8)
  18 river rats
  3 shadow imps
  An ooze (D:4)
  An adder skeleton (D:6)
  An adder zombie (D:7)
  3 worms
  2 dart slugs
  5 leopard geckos
  37 orcs
  17 ball pythons
  9 bats
  3 giant cockroaches
  7 goblins
  5 hobgoblins
  21 jackals
  9 quokkas
  10 frilled lizards
  6 kobolds
  2 quokka skeletons
  41 rats
434 creatures vanquished.

Vanquished Creatures (others)
  A quokka (D:6)
1 creature vanquished.

Grand Total: 435 creatures vanquished

Notes
Turn   | Place    | Note
-------+----------+-------------------------------------------
     0 | D:1      | Neles the Ghoul Monk began the quest for the Orb.
     0 | D:1      | Reached XP level 1. HP: 19/19 MP: 0/0
   179 | D:1      | Reached XP level 2. HP: 23/25 MP: 1/1
   677 | D:1      | Reached XP level 3. HP: 27/33 MP: 2/2
  1154 | D:2      | Noticed Terence
  1172 | D:2      | Killed Terence
  1172 | D:2      | Reached XP level 4. HP: 34/40 MP: 3/3
  1326 | D:2      | Reached skill level 1 in Short Blades
  1331 | D:2      | Reached skill level 1 in Armour
  1770 | D:2      | Noticed Natasha
  1783 | D:2      | Killed Natasha
  1783 | D:2      | Reached XP level 5. HP: 34/45 MP: 4/4
  1843 | D:2      | Noticed Natasha
  1869 | D:2      | Killed Natasha
  2020 | D:3      | Found a faded altar of an unknown god.
  2031 | D:3      | Became a worshipper of Uskayaw the Reveler
  2031 | D:3      | Reached * piety under Uskayaw
  2031 | D:3      | Reached ** piety under Uskayaw
  2143 | D:3      | Found a glowing drain.
  2168 | Sewer    | Entered a sewer
  2464 | Sewer    | Reached XP level 6. HP: 16/53 MP: 0/5
  2755 | D:3      | Found a burning altar of Makhleb.
  2755 | D:3      | Found a basalt altar of Yredelemnul.
  3179 | D:3      | Reached XP level 7. HP: 56/60 MP: 2/6
  3183 | D:3      | Reached skill level 5 in Fighting
  4125 | D:5      | Entered Level 5 of the Dungeon
  4178 | D:5      | Noticed error's ghost (novice OpVM)
  4224 | D:5      | Reached *** piety under Uskayaw
  4225 | D:5      | Killed error's ghost
  4225 | D:5      | Reached skill level 1 in Shields
  4225 | D:5      | Reached XP level 8. HP: 27/69 MP: 5/7
  4346 | D:5      | Reached skill level 5 in Armour
  4615 | D:5      | Reached skill level 5 in Short Blades
  5203 | D:5      | Noticed Grinder
  5207 | D:5      | Paralysed by Grinder for 5 turns
  5223 | D:5      | Paralysed by Grinder for 4 turns
  5242 | D:5      | Killed Grinder
  5242 | D:5      | Reached XP level 9. HP: 64/75 MP: 8/8
  5434 | D:6      | Found Jyiros's General Store.
  5456 | D:6      | Bought a scroll of enchant armour for 82 gold pieces
  5456 | D:6      | Bought a scroll of enchant weapon for 82 gold pieces
  5590 | D:6      | Found Peumm's Antique Armour Boutique.
  5594 | D:6      | Bought a cloak for 121 gold pieces
  5703 | D:6      | Noticed Blork the orc
  5726 | D:6      | Killed Blork the orc
  6097 | D:6      | Identified 2 scrolls of acquirement
  6110 | D:6      | Got a faintly glowing quick blade
  6111 | D:6      | Identified the +2 quick blade of the Little People {pierce, +Blink rPois rN++ Stlth-} (You acquired it on level 6 of the Dungeon)
  6199 | D:7      | Reached **** piety under Uskayaw
  6218 | D:7      | Reached ***** piety under Uskayaw
  6226 | D:7      | Reached ****** piety under Uskayaw
  6457 | D:7      | Noticed Dowan
  6459 | D:7      | Noticed Duvessa
  6463 | D:7      | Found a staircase to the Ecumenical Temple.
  6483 | D:7      | Killed Duvessa
  6483 | D:7      | Reached XP level 10. HP: 84/84 MP: 5/9
  6489 | D:7      | Killed Dowan
  6577 | Temple   | Entered the Ecumenical Temple
  7604 | D:8      | Reached skill level 5 in Shields
  7976 | D:8      | Got a jewelled trident
  8346 | D:9      | Identified the +8 trident of Seento {elec, rPois rN+ MR+ Dex+3} (You found it on level 8 of the Dungeon)
  8385 | D:9      | Found a staircase to the Orcish Mines.
  8386 | D:9      | Found Foti's Armour Shoppe.
  9103 | D:9      | Noticed a two-headed ogre
  9125 | D:9      | Killed a two-headed ogre
  9125 | D:9      | Reached skill level 5 in Stealth
  9125 | D:9      | Reached XP level 11. HP: 68/93 MP: 10/10
  9329 | D:10     | Entered Level 10 of the Dungeon
  9459 | D:10     | Noticed a two-headed ogre
  9500 | D:10     | HP: 1/94 [two-headed ogre/giant spiked club (23)]
  9682 | D:10     | Killed a two-headed ogre
  9929 | D:10     | Noticed a two-headed ogre
  9950 | D:10     | Killed a two-headed ogre
 10112 | D:10     | Noticed a two-headed ogre
 10126 | D:10     | Killed a two-headed ogre
 10412 | D:11     | Noticed a two-headed ogre
 10442 | D:11     | Killed a two-headed ogre
 10611 | D:11     | Found Keaps's Antique Weapon Shop.
 10698 | D:11     | Killed an unseen horror
 10780 | D:11     | Found a staircase to the Lair.
 10905 | D:11     | Noticed a two-headed ogre
 10949 | D:11     | Killed a two-headed ogre
 10949 | D:11     | Reached XP level 12. HP: 19/104 MP: 11/11
 11086 | D:11     | Noticed a two-headed ogre
 11103 | D:11     | Killed a two-headed ogre
 11241 | Lair:1   | Entered Level 1 of the Lair of Beasts
 11652 | Lair:1   | Reached skill level 10 in Armour
 11776 | Lair:1   | Reached skill level 10 in Fighting
 11866 | Lair:1   | Reached skill level 1 in Evocations
 12727 | Lair:2   | Noticed a seven-headed hydra
 12740 | Lair:2   | Killed a seven-headed hydra
 12752 | Lair:2   | Reached skill level 1 in Invocations
 13297 | Lair:3   | Learned a level 3 spell: Regeneration
 13394 | Lair:3   | Got a spiked large shield
 13405 | Lair:3   | Identified the +11 large shield of Uwaosasu {Dex+3} (You acquired it on level 3 of the Lair of Beasts)
 14042 | Lair:3   | Reached XP level 13. HP: 84/114 MP: 14/14
 14363 | Lair:4   | Noticed elbjorno's ghost (journeyman MiFi)
 14391 | Lair:4   | HP: 5/115 [elbjorno's ghost (3)]
 14393 | Lair:4   | Slain by elbjorno's ghost

Skill      XL: |  1  2  3  4  5  6  7  8  9 10 11 12 |
---------------+-------------------------------------+-----
Dodging        | 3 4 |  4.0
Fighting       | 4 5 6 7 9 10 | 10.8
Unarmed Combat | 4 |  4.0
Short Blades   | 1 2 3 4 5 6 8 |  8.2
Armour         | 1 2 3 4 5 7 8 9 10 | 10.5
Shields        | 1 2 4 6 7 8 |  8.9
Stealth        | 3 5 7 8 |  8.4
Evocations     | 1 |  1.4
Invocations    | 3 |  3.8

Action                   |  1- 3 |  4- 6 |  7- 9 | 10-12 | 13-15 || total
-------------------------+-------+-------+-------+-------+-------++-------
Melee: Unarmed           |    38 |       |       |       |       ||    38
       Dagger            |    84 |   288 |   454 |       |       ||   826
       Punch             |       |     2 |     3 |       |       ||     5
       Quick blade       |       |       |   109 |  1592 |    72 ||  1773
Invok: Stomp             |       |     9 |    14 |    27 |     1 ||    51
 Abil: Evoke Blink       |       |       |       |     2 |       ||     2
Evoke: Wand              |       |       |       |     1 |       ||     1
  Use: Scroll            |       |    12 |    17 |     8 |     1 ||    38
       Potion            |       |    11 |     5 |     6 |     4 ||    26
 Stab: Paralysed         |       |       |     6 |    37 |     2 ||    45
  Eat: Chunk             |    30 |    50 |    95 |    87 |       ||   262
       Ration            |       |       |       |     1 |       ||     1
Armor: Leather armour    |    12 |       |       |       |       ||    12
       Plate armour      |    85 |   285 |   347 |   442 |    47 ||  1206
Dodge: Dodged            |    63 |   115 |    71 |   150 |    11 ||   410
Block: Shield            |       |       |   177 |   368 |       ||   545
       Large shield      |       |       |       |   121 |    53 ||   174
